 Dungeon Crawl Stone Soup version 0.27-a0-1137-g3ef0f4ec91 (webtiles) character file.

Game seed: 9786280339025434049

44 leviel the Skirmisher (level 3, -2/24 HPs)
             Began as a Gargoyle Fighter on May 6, 2021.
             Slain by an iguana (6 damage)
             ... on level 4 of the Dungeon.
             The game lasted 00:01:04 (1474 turns).

leviel the Skirmisher (Gargoyle Fighter)            Turns: 1474, Time: 00:01:05

Health: -2/24      AC: 10    Str: 20    XL:     3   Next: 62%
Magic:  3/3        EV:  7    Int:  8    God:
Gold:   85         SH:  9    Dex:  9    Spells: 2/2 levels left

rFire    . . .     SeeInvis .   a - +0 flail
rCold    . . .     Faith    .   c - +0 kite shield
rNeg     + . .     Spirit   .   b - +0 scale mail
rPois    ∞         Reflect  .   (no helmet)
rElec    +         Harm     .   (no cloak)
rCorr    .         Rampage  .   (no gloves)
Will     .....                  (no boots)
Stlth    ..........             (no amulet)
HPRegen  0.08/turn              (no ring)
MPRegen  0.08/turn              (no ring)

@: no status effects
A: sickness immunity, AC +3, negative energy resistance 1, electricity
resistance, torment resistance 1, unbreathing 1, petrification resistance
a: no special abilities


You were on level 4 of the Dungeon.
You visited 1 branch of the dungeon, and saw 3 of its levels.

You collected 85 gold pieces.

Inventory:

Hand Weapons
 a - a +0 flail (weapon)
Armour
 b - a +0 scale mail (worn)
 c - a +0 kite shield (worn)
Scrolls
 e - 2 scrolls of teleportation {unknown}
 h - a scroll of torment {unknown}
 i - a scroll of fear {unknown}
Potions
 d - a potion of might
 f - a potion of attraction {unknown}
 g - a potion of curing {unknown}


   Skills:
 * Level 3.9 Fighting
 + Level 2.2 Maces & Flails
 + Level 3.5 Armour
 + Level 1.1 Dodging
 + Level 3.5 Shields


You had 2 spell levels left.
You didn't know any spells.
Your spell library was empty.

Dungeon Overview and Level Annotations

Branches:
Dungeon (2/15)

Altars:


Innate Abilities, Weirdness & Mutations

You are immune to sickness and miasma.
Your stone body is resilient. (AC +3)
You are immune to poison.
You resist negative energy. (rN+)
You are resistant to electric shocks. (rElec)
You are resistant to unholy torment.
You can survive without breathing.
You are immune to petrification.


Message History

You sock the kobold!
You kill the kobold!
You block the adder skeleton's attack.
You thump the adder skeleton!
The adder skeleton is severely damaged.
The adder skeleton bites you but does no damage.
You closely miss the adder skeleton.
The adder skeleton is severely damaged.
The adder skeleton barely misses you. You block the adder skeleton's attack.
You hit the adder skeleton.
You destroy the adder skeleton!
An iguana comes into view.
The iguana hisses angrily.
Items here: ( )) †.
An iguana is nearby!
The iguana bites you.
You hit the iguana but do no damage. You block the iguana's attack.
The iguana bites you.
You are too injured to fight recklessly!
You are too injured to fight recklessly!
You barely miss the iguana.
The iguana bites you but does no damage.
You closely miss the iguana. You block the iguana's attack. x2
You barely miss the iguana. You block the iguana's attack.
You hit the iguana.
The iguana is moderately wounded.
The iguana bites you. x2
* * * LOW HITPOINT WARNING * * *
You hit the iguana but do no damage.
The iguana is moderately wounded.
The iguana bites you but does no damage.
You sock the iguana!
The iguana is almost dead.
An orc wizard comes into view.
It is wielding a +0 dagger and wearing a +2 robe of positive energy.
You block the iguana's attack. x2
The orc wizard shouts!
You hit the iguana but do no damage.
The iguana is almost dead.
The iguana bites you.
You die...

#.# #.# #.# #
#.# ###. #.#
... #)#
#####.####.##
#...........#
#........@..#
#.......l...#
............+
............#
....#..........
... #o#########
.. .. . ...
....


You could see an iguana and an orc wizard.

Vanquished Creatures
  2 adders
  An adder skeleton (D:4)
  4 endoplasms
  3 giant cockroaches
  3 goblins
  A hobgoblin (D:1)
  A ball python (D:1)
  4 bats
  2 frilled lizards (D:1)
  A kobold (D:4)
  2 rats (D:1)
24 creatures vanquished.

Notes
Turn   | Place    | Note
-------+----------+-------------------------------------------
     0 | D:1      | leviel the Gargoyle Fighter began the quest for the Orb.
     0 | D:1      | Reached XP level 1. HP: 14/14 MP: 1/1
   251 | D:1      | Reached XP level 2. HP: 19/19 MP: 2/2
  1106 | D:2      | Reached XP level 3. HP: 15/24 MP: 3/3
  1441 | D:2      | You fall into a shaft and drop 2 floors!
  1458 | D:4      | Reached skill level 1 in Dodging
  1474 | D:4      | Slain by an iguana

Illustrated notes

Levels and vault maps discovered:
D:1:      dpeg_arrival_solitude, layout_basic, chequers_arboretum
D:2:      layout_basic, ebering_ecumenical_altar_mist, minmay_tromino_i2
D:4:      layout_basic

Skill      XL: |  1  2  3 |
---------------+----------+-----
Dodging        | 1 |  1.1
Fighting       | |  3.9
Maces & Flails | |  2.2
Armour         | |  3.5
Shields        | |  3.5

Action                   || total
-------------------------++-------
Melee: Flail             ||    90
Armor: Scale mail        ||    68
Dodge: Dodged            ||    25
Block: Kite shield       ||    52

Table legend: (Time is in decaauts)
 A = Elapsed time spent in this place.
 B = Non-inter-level travel time spent in this place.
 C = Inter-level travel time spent in this place.
 D = Time resting spent in this place.
 E = Time spent auto-exploring this place.
 F = Levels seen in this place.
 G = Mean time per level.
                   A        B        C        D        E       F      G
               +--------+--------+--------+--------+--------+-----+--------+
         Total |   1520 |   1504 |     16 |    234 |   1062 |   3 |  506.7 |
       Dungeon |   1520 |   1504 |     16 |    234 |   1062 |   3 |  506.7 |
               +--------+--------+--------+--------+--------+-----+--------+

Top non-repeatable levels by time:
     D:1: 1115 daAuts
     D:2: 363 daAuts
     D:4: 42 daAuts
